 Dungeon Crawl Stone Soup version 0.21.1-1-g345015fe64 (webtiles) character file.

238 Ikesh the Conjurer (level 5, -1/38 HPs)
             Began as a Draconian Conjurer on Feb 7, 2018.
             Slain by a leopard gecko (4 damage)
             ... on level 4 of the Dungeon.
             The game lasted 00:19:28 (2420 turns).

Ikesh the Conjurer (Draconian Conjurer)             Turns: 2420, Time: 00:19:28

Health: -1/38      AC:  5    Str: 13    XL:     5   Next: 78%
Magic:  10/10      EV: 12    Int: 16    God:
Gold:   116        SH:  0    Dex: 11    Spells: 6/11 levels left

rFire    . . .     SeeInvis .   c - +1 spear (distort)
rCold    . . .     Gourm    .   (no shield)
rNeg     . . .     Faith    .   (armour unavailable)
rPois    .         Spirit   .   (helmet restricted)
rElec    .         Reflect  .   (no cloak)
rCorr    .         Harm     .   (no gloves)
MR       .....                  (no boots)
Stlth    ++........             (no amulet)
HPRegen  0.12/turn              (no ring)
MPRegen  0.12/turn              (no ring)

@: no status effects
A: unfitting armour, big wings, strong 1, cold-blooded, AC +5
a: Fly


You were on level 4 of the Dungeon.
You were not hungry.

You visited 1 branch of the dungeon, and saw 5 of its levels.

You collected 116 gold pieces.

Inventory:

Hand Weapons
 c - a +1 spear of distortion (weapon)
 d - a +1 short sword
Missiles
 o - 4 poisoned tomahawks (quivered)
Scrolls
 e - 3 scrolls of identify
 j - 3 scrolls of teleportation
 n - 2 scrolls of remove curse
Potions
 m - a potion of agility
Books
 a - a book of Conjurations

   Spells                             Type                      Level
   a - Magic Dart                     Conjuration                  1
   b - Searing Ray                    Conjuration                  2
   c - Dazzling Spray                 Conjuration/Hexes            3
   d - Fulminant Prism                Conjuration/Hexes            4
   e - Force Lance                    Conjuration/Translocation    4
   f - Iskenderun's Mystic Blast      Conjuration                  4
Comestibles
 b - a ration
 f - a chunk of flesh


   Skills:
 + Level 2.5 Dodging
 + Level 2.5 Stealth
 * Level 3.7 Spellcasting
 + Level 5.4 Conjurations


You had 6 spell levels left.
You knew the following spells:

 Your Spells              Type           Power        Failure   Level  Hunger
a - Dazzling Spray        Conj/Hex       ##....       17%         3    ###....
b - Searing Ray           Conj           ###...       2%          2    ##.....


Dungeon Overview and Level Annotations

Branches:
Dungeon (5/15)
 Temple: D:4-7

Altars:
Cheibriados
Qazlal

Annotations:
D:3 hofbold's ghost, amateur GrGl
D:4 Dowan; Duvessa


Innate Abilities, Weirdness & Mutations

Your plain brown scales are hard. (AC +5)
You cannot fit into any form of body armour.
You are cold-blooded and may be slowed by cold attacks.
Your large and strong wings let you fly indefinitely.
Your muscles are strong. (Str +2)


Message History

* * * LOW HITPOINT WARNING * * *
You hit the howler monkey.
The howler monkey looks slightly unstable.
The howler monkey is severely wounded.
The howler monkey barely misses you.
You hit the howler monkey.
You kill the howler monkey!
The leopard gecko misses you.
You hit the leopard gecko.
The leopard gecko looks slightly unstable.
The leopard gecko is almost dead.
The leopard gecko hisses menacingly.
The leopard gecko bites you.
* * * LOW HITPOINT WARNING * * *
You hit the leopard gecko.
You kill the leopard gecko!
The leopard gecko misses you.
You barely miss the leopard gecko. The leopard gecko misses you.
You barely miss the leopard gecko. The leopard gecko bites you.
You die...

#############
#....@.....?.
#..###l#######
#.# #.# #.#
... ... .##


You could see a leopard gecko.

Vanquished Creatures
  A sky beast (D:3)
  A howler monkey (D:4)
  4 gnolls
  2 adders (D:2)
  A dart slug (D:2)
  2 leopard geckos
  3 orcs
  3 bats
  2 giant cockroaches
  5 goblins (D:1)
  6 hobgoblins
  5 jackals
  4 frilled lizards
  4 kobolds
  A quokka zombie (D:5)
  4 rats
48 creatures vanquished.

Notes
Turn   | Place    | Note
-------+----------+-------------------------------------------
     0 | D:1      | Ikesh the Draconian Conjurer began the quest for the Orb.
     0 | D:1      | Reached XP level 1. HP: 14/14 MP: 3/3
   372 | D:1      | Reached XP level 2. HP: 20/20 MP: 0/5
  1092 | D:2      | Reached XP level 3. HP: 26/26 MP: 1/6
  1424 | D:2      | Found a stormy altar of Qazlal.
  1498 | D:2      | Reached skill level 5 in Conjurations
  1498 | D:2      | Reached XP level 4. HP: 33/33 MP: 0/7
  1548 | D:1      | Gained mutation: Your large and strong wings let you fly indefinitely. [potion of mutation]
  1548 | D:1      | Gained mutation: Your muscles are strong. (Str +2) [potion of mutation]
  1686 | D:1      | Learned a level 3 spell: Dazzling Spray
  1872 | D:1      | Learned a level 2 spell: Searing Ray
  2207 | D:3      | Noticed hofbold's ghost (amateur GrGl)
  2236 | D:3      | Noticed a sky beast
  2255 | D:3      | Killed a sky beast
  2255 | D:3      | Reached XP level 5. HP: 9/38 MP: 3/10
  2307 | D:3      | Noticed a phantom
  2314 | D:4      | Noticed Duvessa
  2314 | D:4      | Noticed Dowan
  2333 | D:5      | Entered Level 5 of the Dungeon
  2351 | D:5      | Found a snail-covered altar of Cheibriados.
  2356 | D:5      | HP: 1/38 [orc wizard/magic dart (5)]
  2374 | D:5      | HP: 1/38 [orc/hand axe (2)]
  2420 | D:4      | Slain by a leopard gecko

Skill      XL: |  1  2  3  4 |
---------------+-------------+-----
Dodging        | 2 |  2.5
Stealth        | 2 |  2.5
Conjurations   | 5 |  5.4
Spellcasting   | 3 |  3.7

Action                   |  1- 3 |  4- 6 || total
-------------------------+-------+-------++-------
Melee: Short sword       |    32 |    25 ||    57
       Tailslap          |     1 |     5 ||     6
       Spear             |       |    19 ||    19
 Cast: Magic Dart        |    58 |     6 ||    64
       Searing Ray       |       |     7 ||     7
  Use: Scroll            |       |     9 ||     9
       Potion            |       |     4 ||     4
 Stab: Sleeping          |     1 |     2 ||     3
  Eat: Chunk             |     3 |     1 ||     4
       Ration            |       |     1 ||     1
Armor: Skin              |    14 |    12 ||    26
Dodge: Dodged            |    47 |    32 ||    79
